 Dungeon Crawl Stone Soup version 0.23-a0-350-g6fd5563 (webtiles) character file.

28 Amnesiac the Digger (level 2, -2/11 HPs)
             Began as a Felid Earth Elementalist on Oct 20, 2018.
             Slain by Grinder (6 damage)
             ... while paralysed by Grinder
             ... on level 3 of the Dungeon.
             The game lasted 00:02:20 (727 turns).

Amnesiac the Digger (Felid Earth Elementalist)       Turns: 727, Time: 00:02:21

Health: -2/11      AC:  1    Str:  4    XL:     2   Next: 96%
Magic:  6/6        EV:  4    Int: 16    God:
Gold:   43         SH:  0    Dex: 16    Spells: 2/5 levels left
                                        Lives:  0   Deaths: 0

rFire    . . .     SeeInvis +   (weapon unavailable)
rCold    . . .     Gourm    .   (shield unavailable)
rNeg     . . .     Faith    .   (armour unavailable)
rPois    .         Spirit   .   (helmet unavailable)
rElec    .         Reflect  .   (cloak unavailable)
rCorr    .         Harm     .   (gloves unavailable)
MR       .....                  (boots unavailable)
Stlth    +++.......             (no amulet)
HPRegen  0.03/turn              (no ring)
MPRegen  0.10/turn              (no ring)

@: paralysed, quick
A: very small, no armour, no weapons or thrown items, stealth, claws 1, fangs 3,
see invisible, carnivore, speed 1, shaggy fur 1, slow metabolism 1, sharp paws
a: no special abilities


You were on level 3 of the Dungeon.
You were completely stuffed.

You visited 1 branch of the dungeon, and saw 3 of its levels.

You collected 43 gold pieces.

Inventory:

Missiles
 b - 52 stones
Scrolls
 d - a scroll of blinking {!r, unknown}
 f - a scroll of identify {!r, unknown}
 g - a scroll of enchant armour {!r, unknown}
 h - a scroll of remove curse {!r, unknown}
Potions
 a - a potion of degeneration {!q, unknown}
 e - a potion of haste {!q, unknown}
Comestibles
 c - 5 rations


   Skills:
 - Level 2.6 Dodging
 - Level 2.6 Stealth
 + Level 2.4 Spellcasting
 - Level 1.1 Transmutations
 * Level 3.4 Earth Magic


You had 2 spell levels left.
You knew the following spells:

 Your Spells              Type           Power        Failure   Level  Hunger
a - Sandblast             Erth           ##....       4%          1    #......
b - Passwall              Tmut/Erth      #.......     12%         2    ###....

Your spell library contained the following spells:

 Spells                   Type           Power        Failure   Level  Hunger
 Stone Arrow              Conj/Erth      #.....       28%         3    ###....
 Petrify                  Tmut/Erth      #.......     61%         4    #####..
 Lee's Rapid Deconstruct  Erth           ##........   78%         5    ######.


Dungeon Overview and Level Annotations

Branches:
Dungeon (3/15)

Altars:
Ashenzari
Hepliaklqana
Ru
Yredelemnul

Annotations:
D:1 exclusion: door
D:2 Sigmund
D:3 Grinder


Innate Abilities, Weirdness & Mutations

You cannot wear armour.
You are incapable of wielding weapons or throwing items.
Your paws allow you to move quietly. (Stealth)
You have sharp claws.
You have razor-sharp teeth.
You have supernaturally acute eyesight. (SInv)
You are carnivorous and can eat meat at any time.
You cover ground quickly.
You are covered in fur. (AC +1)
You have a slow metabolism.
Your sharp claws are effective at attacking unaware monsters.


Message History

You can't see any susceptible monsters within range! (Use Z to cast anyway.)
Casting: Sandblast (safe; 4% risk of failure)
Confirm with . or Enter, or press ? or * to list all spells.
You can't see any susceptible monsters within range! (Use Z to cast anyway.)
The dart slug misses you.
You scratch the dart slug but do no damage.
You scratch the dart slug but do no damage.
You bite the dart slug.
The dart slug is lightly wounded.
The dart slug launches a dart at you. The slug dart misses you.
You scratch the dart slug but do no damage.
The dart slug is lightly wounded.
The dart slug bites you.
You scratch the dart slug but do no damage.
The dart slug is lightly wounded.
You scratch the dart slug but do no damage.
The dart slug is lightly wounded.
The dart slug misses you.
You scratch the dart slug but do no damage.
You bite the dart slug.
The dart slug is moderately wounded.
The dart slug misses you.
You scratch the dart slug.
The dart slug is severely wounded.
You scratch the dart slug.
The dart slug is almost dead.
The dart slug launches a dart at you. The slug dart hits you!
You scratch the dart slug.
You kill the dart slug!
You see here a dart slug corpse.
You butcher the dart slug corpse.
i - 2 chunks of flesh Eating one of 2 chunks of flesh.
You eat one of the 2 chunks of flesh.
This raw flesh tastes great.
You start resting.
Eating a chunk of flesh.
You eat the chunk of flesh.
This raw flesh tastes great.
HP restored.
Found a stone staircase leading up.
Found a stone staircase leading up.
You now have 43 gold pieces (gained 6).
Found a hazy altar of Hepliaklqana.
There is a stone staircase leading down here.
There is a stone staircase leading down here.
You climb downwards.
You hear the sound of rushing water.
There is an entrance to a sewer on this level.
Hurry and find it before the
There is a stone staircase leading up here.
You open the door.
There is an open door here.
Found 16 stones.
Found a shattered altar of Ashenzari and a sacrificial altar of Ru.
b - 52 stones (gained 16) Grinder comes into view.
Grinder shouts!
Found a basalt altar of Yredelemnul.
Grinder gestures at you.
You suddenly lose the ability to move!
Grinder hits you.
You writhe in agony.
* * * LOW HITPOINT WARNING * * *
Grinder hits you.
Ouch! That really hurt!
You die...

# ##_ ##...####
......5.## #..### _.
##.._#
######..#######..###
.....##......@5.##
.....#####.#####
#.....#'# #<....#
#....#### ######


You could see Grinder.

Vanquished Creatures
  2 adders (D:2)
  A dart slug (D:2)
  A goblin (D:1)
  2 hobgoblins
  A kobold (D:2)
  2 rats (D:2)
9 creatures vanquished.

Notes
Turn   | Place    | Note
-------+----------+-------------------------------------------
     0 | D:1      | Amnesiac the Felid Earth Elementalist began the quest for
                  | the Orb.
     0 | D:1      | Reached XP level 1. HP: 7/7 MP: 4/4
   227 | D:2      | Noticed Sigmund
   404 | D:2      | Reached skill level 3 in Earth Magic
   404 | D:2      | Reached XP level 2. HP: 11/11 MP: 0/6
   408 | D:2      | Learned a level 2 spell: Passwall
   685 | D:2      | Found a hazy altar of Hepliaklqana.
   712 | D:3      | Found a shattered altar of Ashenzari.
   712 | D:3      | Found a sacrificial altar of Ru.
   718 | D:3      | Found a basalt altar of Yredelemnul.
   718 | D:3      | Noticed Grinder
   723 | D:3      | Paralysed by Grinder for 7 turns
   727 | D:3      | Slain by Grinder

Vault maps used:
D:1:      evilmike_arrival_run_for_it
D:2:      old_standard_altar, first_ration, feat_on_display, uniq_sigmund
D:3:      lemuel_doored_altar, chequers_temple_overflow_minitemple,
          portal_sewer_entry_a, gammafunk_ghost_cemetery,
          uniq_crazy_yiuf_cottage, uniq_grinder

Skill      XL: |  1 |
---------------+----+-----
Earth Magic    | 3 |  3.4
Dodging        | |  2.6
Stealth        | |  2.6
Spellcasting   | |  2.4
Transmutations | |  1.1

Action                   || total
-------------------------++-------
Melee: Unarmed           ||    24
       Bite              ||     4
 Cast: Sandblast         ||    12
 Stab: Sleeping          ||     1
  Eat: Chunk             ||     7
Armor: Skin              ||     1
Dodge: Dodged            ||    17

Table legend:
 A = Non-vault XP
 B = Vault XP
 C = Vault XP percentage of total XP
 D = Non-vault monster count
 E = Vault monster count
 F = Vault count percentage of total count
                 A         B        C        D         E       F
            +---------+---------+-------+---------+---------+-------
      Total |      40 |       0 |   0.0 |       9 |       0 |   0.0
            +---------+---------+-------+---------+---------+-------
        D:1 |       4 |       0 |   0.0 |       2 |       0 |   0.0
        D:2 |      36 |       0 |   0.0 |       7 |       0 |   0.0
            +---------+---------+-------+---------+---------+-------
